 Dungeon Crawl Stone Soup version 0.26-a0-1132-ge9770dfcb6 (webtiles) character file.

Game seed: 3341570888703677884

554091 raph the Slingshot (level 27, -4/172 (190) HPs)
             Began as a Halfling Hunter on Dec 19, 2020.
             Was the Champion of Dithmenos.
             Killed from afar by a lich (17 damage)
             ... with a bolt of lightning
             ... on level 5 of the Vaults on Dec 20, 2020.
             The game lasted 05:28:47 (95038 turns).

raph the Slingshot (Halfling Hunter)               Turns: 95038, Time: 05:28:48

HP:   -4/172 (190)  AC: 35    Str: 17    XL:     27
MP:   33/34         EV: 32    Int: 13    God:    Dithmenos [******]
Gold: 1044          SH: 18    Dex: 34    Spells: 24/34 levels left

rFire    + + +     SeeInvis .   a - +8 rapier of Moatix {venom, rC+}
rCold    + + +     Faith    .   L - +3 buckler
rNeg     + + +     Spirit   .   G - +6 fire dragon scales
rPois    ∞         Reflect  +   Z - +2 hood of the Assassin {Detection Stab+ Stlth++}
rElec    .         Harm     .   p - +2 cloak {Stlth+}
rCorr    .         Rampage  .   f - +0 pair of gloves of Supple Strength {rF+ rC++ Int+4}
Will     +++++                  E - +2 pair of boots "Ferphu" {rC+} Stlth !#########
                                Q - amulet of reflection
HPRegen  0.78/turn              h - ring "Radizuru" {rN+ Dex+7}
MPRegen  0.24/turn              K - ring "Aqaposch" {rPois AC+4 Dex+3}

@: shadow-form, wreathed by umbra, studying 2 skills, drained, invisible
A: small, mutation resistance 1, regeneration 1
}: 2/15 runes: serpentine, barnacled
a: End Transformation, Renounce Religion, Shadow Step, Shadow Form


You were on level 5 of the Vaults.
You worshipped Dithmenos.
Dithmenos was exalted by your worship.
You were a swirling mass of dark shadows.
You visited 8 branches of the dungeon, and saw 44 of its levels.
You visited the Abyss 6 times.
You also visited: Sewer, Gauntlet and Ice Cave.

You collected 8178 gold pieces.
You spent 7134 gold pieces at shops.

Inventory:

Hand Weapons
 a - the +8 rapier of Moatix (weapon) {venom, rC+}
   (You found it on level 3 of the Vaults)

   It poisons the flesh of those it strikes.
   It protects you from cold.
 b - a +6 fustibalus of flaming
 c - a +4 rapier of holy wrath
 d - a +9 quick blade
Missiles
 e - 1434 stones (quivered)
 H - 75 sling bullets
Armour
 f - the +0 pair of gloves of Supple Strength (worn) {rF+ rC++ Int+4}
   (You found it on level 3 of the Elven Halls)

   It affects your intelligence (+4).
   It protects you from fire.
   It greatly protects you from cold.
 p - a +2 cloak of stealth (worn)
 q - a scarf of repulsion
 E - the +2 pair of boots "Ferphu" (worn) {rC+}
   (You found it in an ice cave)

   It protects you from cold.
 G - +6 fire dragon scales (worn)
 L - a +3 buckler (worn)
 Z - the +2 hood of the Assassin (worn) {Detection Stab+ Stlth++}
   (You bought it in a shop on level 2 of the Orcish Mines)

   It makes you much more stealthy.
Jewellery
 h - the ring "Radizuru" (left hand) {rN+ Dex+7}
   (You found it in a sewer)

   [ring of positive energy]

   It affects your dexterity (+7).
   It protects you from negative energy.
 K - the ring "Aqaposch" (right hand) {rPois AC+4 Dex+3}
   (You bought it in a shop on level 2 of the Snake Pit)

   [ring of protection]

   It affects your AC (+4).
   It affects your dexterity (+3).
   It protects you from poison.
 Q - an amulet of reflection (around neck)
Wands
 j - a wand of disintegration (26)
 k - a wand of digging (17)
 B - a wand of iceblast (16)
 I - a wand of flame (74)
 R - a wand of acid (6)
Scrolls
 o - 4 scrolls of blinking
 r - 21 scrolls of identify
 w - a scroll of holy word
 C - 12 scrolls of teleportation
 J - 9 scrolls of magic mapping
 N - 7 scrolls of fear
 O - 6 scrolls of fog
 S - 18 scrolls of remove curse
 V - 3 scrolls of silence
Potions
 g - 13 potions of curing
 l - 4 potions of berserk rage
 s - 7 potions of brilliance
 t - 4 potions of magic
 u - 4 potions of invisibility
 v - 6 potions of flight
 D - 3 potions of cancellation
 W - a potion of ambrosia
 X - 4 potions of resistance
Books
 n - a manual of Fighting
 M - a manual of Summonings
Miscellaneous
 i - a box of beasts
 x - a lightning rod (4/4)
 T - a phantom mirror
 Y - a condenser vane


   Skills:
 + Level 16.4 Fighting
 + Level 22.6 Short Blades
 - Level 22.7 Slings
 + Level 16.2 Armour
 + Level 17.6 Dodging
 + Level 18.5 Stealth
 - Level 9.7 Shields
 - Level 4.1 Spellcasting
 - Level 10.2 Summonings
 - Level 6.0 Translocations
 - Level 15.0 Invocations
 * Level 13.9 Evocations


You had 24 spell levels left.
You knew the following spells:

 Your Spells              Type           Power        Failure   Level
a - Blink                 Tloc           N/A          7%          2
b - Call Imp              Summ           7%           1%          2
c - Portal Projectile     Hex/Tloc       4%           43%         3
d - Call Canine Familiar  Summ           7%           2%          3

Your spell library contained the following spells:

 Spells                   Type           Power        Failure   Level
 Summon Small Mammal      Summ           28%          1%          1
 Gell's Gravitas          Tloc           2%           14%         3
 Lesser Beckoning         Tloc           2%           14%         3
 Teleport Other           Tloc           4%           14%         3
 Summon Guardian Golem    Hex/Summ       4%           21%         3
 Passage of Golubria      Tloc           N/A          41%         4
 Animate Skeleton         Necr           0%           50%         1
 Beastly Appendage        Tmut           0%           50%         1
 Corona                   Hex            0%           50%         1
 Foxfire                  Conj/Fire      0%           50%         1
 Freeze                   Ice            0%           50%         1
 Magic Dart               Conj           0%           50%         1
 Pain                     Necr           0%           50%         1
 Sandblast                Erth           0%           50%         1
 Shock                    Conj/Air       0%           50%         1
 Summon Ice Beast         Ice/Summ       4%           54%         4
 Summon Lightning Spire   Summ/Air       4%           54%         4
 Corpse Rot               Necr/Air       N/A          63%         2
 Ensorcelled Hibernation  Hex/Ice        0%           63%         2
 Searing Ray              Conj           0%           63%         2
 Slow                     Hex            0%           63%         2
 Swiftness                Air            0%           63%         2
 Wereblood                Tmut           0%           63%         2
 Iskenderun's Mystic Bla  Conj/Tloc      2%           85%         4
 Conjure Flame            Conj/Fire      0%           86%         3
 Dazzling Flash           Conj/Hex       0%           86%         3
 Frozen Ramparts          Ice            0%           86%         3
 Inner Flame              Hex/Fire       0%           86%         3
 Mephitic Cloud           Conj/Pois/Air  0%           86%         3
 Ozocubu's Armour         Ice            0%           86%         3
 Spider Form              Tmut/Pois      0%           86%         3
 Static Discharge         Conj/Air       0%           86%         3
 Stone Arrow              Conj/Erth      0%           86%         3
 Vampiric Draining        Necr           0%           86%         3
 Airstrike                Air            0%           99%         4
 Animate Dead             Necr           0%           99%         4
 Cause Fear               Hex            0%           99%         4
 Fulminant Prism          Conj/Hex       0%           99%         4
 Hailstorm                Conj/Ice       0%           99%         4
 Ice Form                 Ice/Tmut       0%           99%         4
 Leda's Liquefaction      Hex/Erth       0%           99%         4
 Sticky Flame             Conj/Fire      0%           99%         4
 Agony                    Necr           0%           100%        5
 Blade Hands              Tmut           0%           100%        5
 Bolt of Magma            Conj/Fire/Erth 0%           100%        5
 Borgnjor's Vile Clutch   Necr/Erth      0%           100%        5
 Fireball                 Conj/Fire      0%           100%        5
 Iskenderun's Battlesphe  Conj           0%           100%        5
 Lightning Bolt           Conj/Air       0%           100%        5
 Metabolic Englaciation   Hex/Ice        0%           100%        5
 Silence                  Hex/Air        0%           100%        5
 Yara's Violent Unravell  Hex/Tmut       0%           100%        5
 Death Channel            Necr           0%           100%        6
 Freezing Cloud           Conj/Ice/Air   0%           100%        6
 Hydra Form               Tmut           0%           100%        6
 Iron Shot                Conj/Erth      0%           100%        6
 Simulacrum               Ice/Necr       0%           100%        6
 Statue Form              Tmut/Erth      0%           100%        6
 Dragon Form              Tmut           0%           100%        7
 Orb of Destruction       Conj           0%           100%        7
 Spellforged Servitor     Conj/Summ      2%           100%        7
 Chain Lightning          Conj/Air       0%           100%        8
 Discord                  Hex            0%           100%        8
 Lehudib's Crystal Spear  Conj/Erth      0%           100%        8
 Absolute Zero            Ice            0%           100%        9
 Dragon's Call            Summ           3%           100%        9
 Fire Storm               Conj/Fire      0%           100%        9
 Shatter                  Erth           0%           100%        9


Dungeon Overview and Level Annotations

Branches:
Dungeon (15/15)            Temple (0/1) D:5            Lair (6/6) D:9
 Shoals (4/4) Lair:2        Snake (4/4) Lair:2        Slime (0/5) Lair:5
    Orc (2/2) D:12            Elf (3/3) Orc:2        Vaults (5/5) D:14
  Crypt (0/3) Vaults:2     Depths (5/5) D:15            Zot (0/5) Depths:5
  Sewer (visited)           IceCv (visited)         Gauntlet (visited)

Altars:
Ashenzari
Dithmenos
Gozag
Kikubaaqudgha
Nemelex Xobeh
Qazlal
Ru
Sif Muna
Vehumet
Wu Jian
Xom
Zin
Beogh
Lugonu

Shops:
D:5 *==[   D:9 *!?[   D:11 *   Orc:2 [[[*   Elf:2 :**   Shoals:1 *   Snake:1 }
Snake:2 (=}=   Vaults:1 }   Vaults:4 :   Depths:1 :

Portals:
Hell: Depths:1 Depths:2 Depths:3 Depths:4 Depths:5
Abyss: Depths:2 Depths:3
Pandemonium: Depths:2 Depths:3 Depths:5
Ziggurat: Depths:2

Annotations:
Lair:5 exclusion: 2 oklob plants
Shoals:2 Roxanne
Depths:2 Bai Suzhen


Innate Abilities, Weirdness & Mutations

You are small and have problems with some larger weapons.
You are somewhat resistant to further mutation.
Your natural rate of healing is unusually fast.


Message History

You feel a little less mighty now.
Your resistance to elements expires.
The war gargoyle launches metal splinters at you.
The spray of metal splinters hits you but does no damage.
The war gargoyle launches metal splinters at you.
The spray of metal splinters misses you.
The lich launches a ball of destructive magic.
An orb of destruction comes into view.
The lich gestures at you while chanting.
The bolt of lightning hits you!!
* * * LOW HITPOINT WARNING * * *
You emit a cloud of dark smoke.
You feel drained.
The lich gestures at you while chanting.
The bolt of lightning hits you!!!
* * * LOW HITPOINT WARNING * * *
You emit a cloud of dark smoke.
You feel drained.
The orb of destruction hits the war gargoyle!!!
The war gargoyle is blown up!
The lich points at you and mumbles some strange words.
The bolt of lightning hits you!!
You die...

...#{*#
#..#{§#
#..#§§#
#..#p§#
#..#§§#
.#####..#L.#
........#..#
...........#
######W...#
...........#
...........#
############


You could see a lich (fast).

Vanquished Creatures
  2 juggernauts
  An ancient lich (Depths:3)
  Mennas (Vaults:3)
  Sojobo (Vaults:2)
  The ghost of Qaurghus the Warrior, a veteran TrFi of Makhleb (Orc:2)
  Saint Roka (Vaults:3)
  2 golden dragons
  2 bone dragons
  A profane servitor (Abyss:2)
  5 liches
  A tentacled monstrosity (Abyss:2)
  A hellephant (Abyss:1)
  A titan (Depths:4)
  A quicksilver dragon (Depths:4)
  2 deep elf master archers
  4 deep elf blademasters
  9 tentacled starspawn
  Polyphemus (Shoals:3)
  6 sphinxes
  A storm dragon (shapeshifter) (Depths:3)
  2 shadow dragons (Depths:4)
  5 tengu reavers
  A daeva (Abyss:1)
  Ilsuiw (Shoals:2)
  5 draconian monks (Depths:5)
  10 fire giants
  An orc warlord (Orc:1)
  2 revenants
  6 deep elf sorcerers
  10 frost giants
  An iron dragon (shapeshifter) (Depths:3)
  13 vault wardens
  9 nagarajas
  Aizul (Snake:3)
  4 iron dragons
  2 balrugs
  A draconian shifter (Abyss:2)
  A draconian scorcher (Abyss:1)
  A deep elf elementalist (Elf:3)
  An angel (Abyss:2)
  A cacodemon (Abyss:2)
  Louise (Shoals:3)
  A reaper (Abyss:3)
  8 ironheart preservers
  A draconian stormcaller (Depths:5)
  A spriggan defender (Depths:4)
  19 very ugly things
  2 draconian annihilators (Depths:5)
  12 stone giants
  2 war gargoyles
  5 black draconians (Depths:5)
  3 green draconians (Depths:5)
  3 vampire knights
  5 white draconians (Depths:5)
  2 lorocyprocas (Depths:3)
  The ghost of Zenexuts the Cleaver, a journeyman DsFi of Okawaru (D:15)
  13 deep elf annihilators
  An entropy weaver (Vaults:4)
  A red draconian (Depths:5)
  A minotaur (Gauntlet)
  8 deep elf demonologists
  3 purple draconians (Depths:5)
  14 ettins
  2 green deaths (Abyss:2)
  8 spark wasps
  Snorg (D:13)
  2 crystal guardians
  9 deep elf death magi
  An eidolon (Abyss:2)
  7 merfolk javelineers
  9 deep elf high priests
  11 merfolk impalers
  9 yaktaur captains
  7 fire dragons
  Erolcha (D:12)
  9 great orbs of eyes
  10 ice dragons
  16 naga warriors
  3 rakshasas
  A monstrous demonspawn (Depths:5)
  6 hydras
  7 catoblepae
  A juggernaut simulacrum (Depths:3)
  10 spriggan air magi
  31 vault guards
  3 death knights
  12 centaur warriors
  7 boulder beetles
  6 merfolk aquamancers
  17 anacondas
  30 two-headed ogres
  9 death yaks
  14 ogre magi
  6 deep troll shamans
  4 merfolk avatars
  4 deep troll earth magi
  44 dancing weapons
  3 tengu warriors
  4 vampire magi
  An orc high priest (Orc:1)
  8 shock serpents
  16 thrashing horrors
  17 naga sharpshooters
  2 salamander mystics
  A shock serpent (shapeshifter) (Depths:2)
  2 sun demons
  5 wretched stars
  4 sixfirhies
  25 deep elf knights
  An iron troll (Depths:4)
  2 shadow wraiths (Vaults:4)
  5 skeletal warriors
  A death drake (shapeshifter) (Elf:2)
  4 spatial maelstroms
  2 death drakes
  A storm dragon skeleton (Vaults:4)
  15 sea snakes
  9 deep trolls
  7 glowing orange brains
  6 unseen horrors
  A flayed ghost (Depths:4)
  19 deep elf archers
  An orange crystal statue (Vaults:4)
  Pikel (D:6)
  10 naga ritualists
  3 lindwurms (Depths:5)
  10 wizards
  9 ironbrand convokers
  7 necromancers
  11 mana vipers
  A phantasmal warrior (D:14)
  4 orc sorcerers
  17 orc knights
  20 harpies
  A wolf spider zombie (Abyss:1)
  45 ugly things
  12 fauns
  2 wolf spiders
  7 cyclopes
  81 deep elf magi
  17 manticores
  6 worldbinders
  24 elephants
  14 salamanders
  Joseph (D:10)
  39 black mambas
  16 naga magi
  2 rust devils
  2 ice statues (IceCv)
  9 merfolk sirens
  3 eyes of devastation (Abyss:2)
  A moth of wrath (shapeshifter) (Depths:3)
  6 water nymphs
  A molten gargoyle (Gauntlet)
  11 vault sentinels
  12 guardian serpents
  14 cane toads
  8 smoke demons
  3 apocalypse crabs
  2 gargoyles
  A cane toad (shapeshifter) (Vaults:1)
  A catoblepas zombie (Abyss:2)
  4 centaur skeletons
  2 orange demons
  2 hellions
  8 rime drakes
  2 kobold demonologists
  6 komodo dragons
  2 tormentors
  2 efreet
  A demonic crawler (Abyss:4)
  2 hellwings
  9 freezing wraiths
  7 ice devils
  2 red devils
  58 yaktaurs
  An anaconda simulacrum (Depths:3)
  7 trolls
  A jumping spider (shapeshifter) (Vaults:5)
  7 ancient zymes
  10 wind drakes
  4 tengu conjurers
  4 polar bears
  31 merfolk
  A tyrant leech (Abyss:2)
  A blink frog (shapeshifter) (Vaults:4)
  4 hornets
  34 slime creatures
  2 hornets (shapeshifter)
  18 blink frogs
  8 snapping turtles
  13 raiju
  2 stone giant simulacra
  5 dream sheep (Shoals:4)
  A fire giant simulacrum (Vaults:4)
  5 centaur simulacra
  A spriggan (shapeshifter) (Depths:4)
  2 air elementals (Elf:2)
  6 ynoxinuls
  11 flying skulls
  19 large abominations
  3 shadows
  2 redbacks (Vaults:4)
  An ettin skeleton (Vaults:4)
  A tarantella (Vaults:4)
  73 yaks
  6 wyverns
  A fire bat (Elf:3)
  3 vampires
  A wyvern (shapeshifter) (Depths:4)
  3 chaos spawn
  33 small abominations
  4 wraiths
  6 basilisks
  A golden eye (Abyss:2)
  20 water elementals
  A hog (shapeshifter) (Vaults:4)
  8 fire elementals
  8 vampire mosquitoes
  An elf skeleton (Vaults:4)
  A neqoxec (Abyss:1)
  10 wargs
  Menkaure (D:4)
  5 spatial vortices (Abyss:2)
  69 nagas
  Edmund (D:6)
  5 acid dragons
  An acid dragon (shapeshifter) (Depths:4)
  A floating eye (shapeshifter) (Elf:1)
  18 water moccasins
  2 hell hounds (Lair:6)
  A meliai simulacrum (D:14)
  60 orc warriors
  A hornet zombie (D:13)
  7 ice beasts
  5 black bears
  6 sky beasts
  A swamp drake (Depths:5)
  An ettin simulacrum (Abyss:2)
  2 necrophages (D:10)
  9 boggarts
  36 ogres
  8 wolves
  An eye of draining (shapeshifter) (Depths:2)
  16 centaurs
  A big kobold (D:9)
  Blork the orc (D:7)
  28 bullfrogs
  A deep troll simulacrum (Vaults:3)
  9 earth elementals
  4 scorpions
  20 killer bees
  11 wights
  2 electric eels
  3 howler monkeys (D:11)
  2 lava snakes (Snake:4)
  3 centaur zombies
  6 crimson imps
  2 bullfrog zombies
  4 starcursed masses
  3 draconian simulacra (IceCv)
  14 hounds
  6 quasits
  2 wyvern simulacra
  14 orc priests
  21 jellies
  A bullfrog skeleton (D:7)
  2 gnoll shamans
  5 iron imps
  Terence (D:3)
  13 hell rats
  6 iguanas
  31 orc wizards
  9 worker ants
  A troll simulacrum (IceCv)
  A spriggan simulacrum (IceCv)
  A tengu zombie (Abyss:2)
  A bullfrog simulacrum (Gauntlet)
  2 hound zombies
  2 worker ant zombies
  22 gnolls
  2 naga simulacra (IceCv)
  12 adders
  An ogre simulacrum (IceCv)
  6 shadow imps
  14 white imps
  7 ufetubi
  2 adder zombies
  2 worms
  A dart slug (D:5)
  6 leopard geckos
  139 orcs
  17 giant cockroaches
  A goblin (shapeshifter) (Depths:1)
  7 goblins
  8 hobgoblins
  9 jackals
  13 kobolds
  3 quokkas
  4 ball pythons
  A ball python skeleton (D:4)
  11 bats
  8 frilled lizards
  A quokka skeleton (D:9)
  A quokka zombie (D:5)
  8 rats
  5 crawling corpses (Vaults:5)
  2 lurking horrors (Abyss:2)
  A starspawn tentacle (Abyss:1)
2438 creatures vanquished.

Vanquished Creatures (collateral kills)
  A tentacled starspawn (Abyss:4)
  A yaktaur captain (Depths:1)
  A two-headed ogre (Vaults:2)
  A rime drake (Lair:6)
  A basilisk (Lair:6)
  An ogre (Vaults:2)
  A hell rat (Lair:6)
7 creatures vanquished.

Vanquished Creatures (others)
  2 war gargoyles
  A black draconian (Depths:5)
  A deep troll earth mage (Depths:4)
  2 deep elf knights
  A sixfirhy (Abyss:2)
  A deep elf mage (Elf:2)
  3 lindwurms (Depths:5)
  A guardian serpent (Snake:4)
  4 raiju (Abyss:3)
  2 large abominations (Abyss:3)
  An air elemental (Abyss:3)
  A water elemental (Elf:2)
  6 small abominations (Abyss:3)
  A naga (Abyss:2)
  2 swamp drakes (Depths:5)
  A boggart (Vaults:3)
  A quasit (Abyss:2)
  A white imp (Abyss:2)
  An orc (Vaults:4)
  30 fungi
  2 lurking horrors
  137 plants
  30 starspawn tentacles
232 creatures vanquished.

Grand Total: 2677 creatures vanquished

Notes
Turn   | Place    | Note
-------+----------+-------------------------------------------
     0 | D:1      | raph the Halfling Hunter began the quest for the Orb.
     0 | D:1      | Reached XP level 1. HP: 14/14 MP: 1/1
   122 | D:1      | Reached XP level 2. HP: 16/19 MP: 2/2
   741 | D:1      | Reached XP level 3. HP: 24/24 MP: 3/3
   779 | D:1      | Reached skill level 1 in Short Blades
  1045 | D:2      | Found a shadowy altar of Dithmenos.
  1064 | D:2      | Became a worshipper of Dithmenos the Shadowed
  1271 | D:2      | Reached XP level 4. HP: 13/29 MP: 4/4
  1838 | D:3      | Found a stormy altar of Qazlal.
  2179 | D:3      | Noticed Terence
  2193 | D:3      | Killed Terence
  2194 | D:3      | Reached XP level 5. HP: 22/34 MP: 5/5
  2318 | D:3      | Found a broken altar of Ashenzari.
  2318 | D:3      | Found a glowing silver altar of Zin.
  2319 | D:3      | Found an ornate altar of the Wu Jian Council.
  2586 | D:3      | Reached * piety under Dithmenos
  3134 | D:4      | Reached XP level 6. HP: 41/41 MP: 6/6
  3951 | D:4      | Noticed Menkaure
  3960 | D:4      | Killed Menkaure
  3961 | D:4      | Reached XP level 7. HP: 45/45 MP: 7/7
  4410 | D:5      | Entered Level 5 of the Dungeon
  4410 | D:5      | Found Eqath's Jewellery Shoppe.
  4425 | D:5      | Found a glowing drain.
  4436 | D:5      | Reached ** piety under Dithmenos
  4895 | Sewer    | Entered a sewer
  5244 | Sewer    | Reached skill level 5 in Short Blades
  5303 | Sewer    | Reached XP level 8. HP: 52/52 MP: 8/8
  5729 | Sewer    | Identified Copsurphi's Papyrus of the Arsonist and Feathers
  5733 | Sewer    | Got a translucent turquoise ring
  5737 | Sewer    | Identified the ring "Radizuru" {rN+ Dex+7} (You found it in
                  | a sewer)
  5766 | D:5      | Found Waimpeci's Assorted Antiques.
  5780 | D:5      | Bought a pair of boots for 112 gold pieces
  5780 | D:5      | Bought a scroll of identify for 50 gold pieces
  5807 | D:5      | Found Wibargh's Jewellery Emporium.
  6130 | D:5      | Found Zoidiep's Antique Armour Shoppe.
  6185 | D:5      | Found a radiant altar of Vehumet.
  6187 | D:5      | Found a radiant altar of Vehumet.
  6187 | D:5      | Found a shimmering altar of Xom.
  6189 | D:5      | Found a shimmering altar of Xom.
  6189 | D:5      | Found a stormy altar of Qazlal.
  6189 | D:5      | Found an ancient bone altar of Kikubaaqudgha.
  6340 | D:5      | Found a staircase to the Ecumenical Temple.
  6404 | D:6      | Noticed Edmund
  6424 | D:6      | Killed Edmund
  6425 | D:6      | Reached skill level 10 in Slings
  6455 | D:6      | Reached *** piety under Dithmenos
  6651 | D:6      | Found a sparkling altar of Nemelex Xobeh.
  6694 | D:6      | Noticed Pikel
  6956 | D:6      | Reached XP level 9. HP: 37/56 MP: 9/9
  7103 | D:6      | Reached skill level 5 in Stealth
  7329 | D:6      | Killed Pikel
  7538 | D:6      | Found a shimmering blue altar of Sif Muna.
  8079 | D:7      | Reached **** piety under Dithmenos
  8272 | D:7      | Reached XP level 10. HP: 63/63 MP: 10/10
  8481 | D:7      | Found a transporter.
  8483 | D:7      | Found a transporter.
  8484 | D:7      | Found a corrupted altar of Lugonu.
  8485 | D:7      | Noticed a green ugly thing
  8487 | D:7      | Noticed a purple ugly thing
  8609 | D:5      | Bought a pair of glowing gloves for 202 gold pieces
  8705 | D:7      | Reached skill level 10 in Short Blades
  8819 | D:7      | Reached ***** piety under Dithmenos
  8881 | D:7      | Noticed Blork the orc
  8887 | D:7      | Killed Blork the orc
  8895 | D:7      | Found a shimmering blue altar of Sif Muna.
  9412 | D:8      | Found a broken altar of Ashenzari.
  9929 | D:8      | Reached skill level 1 in Shields
 10077 | D:9      | Noticed a two-headed ogre
 10098 | D:9      | Killed a two-headed ogre
 10299 | D:9      | Reached skill level 5 in Fighting
 10299 | D:9      | Reached XP level 11. HP: 71/71 MP: 11/11
 10718 | D:9      | Noticed a centaur warrior
 10817 | D:8      | Killed a centaur warrior
 11115 | D:9      | Found a staircase to the Lair.
 11159 | D:9      | Found Menkynou's Magic Scroll Boutique.
 11170 | D:9      | Bought a scroll of enchant weapon for 105 gold pieces
 11389 | D:9      | Noticed a boulder beetle
 11426 | D:8      | Killed a boulder beetle
 11427 | D:8      | Reached skill level 5 in Shields
 11588 | D:9      | Found Zineipli's Assorted Antiques.
 11635 | D:9      | Found Ifiurr's Distillery.
 11643 | D:9      | Found Humyggue's Antique Armour Shop.
 12107 | Lair:1   | Entered Level 1 of the Lair of Beasts
 12191 | Lair:1   | Reached skill level 1 in Armour
 12204 | Lair:1   | Reached skill level 1 in Invocations
 12711 | Lair:1   | Reached XP level 12. HP: 80/80 MP: 13/13
 13311 | Lair:2   | Noticed a four-headed hydra
 13316 | Lair:2   | Killed a four-headed hydra
 13317 | Lair:2   | Reached skill level 5 in Dodging
 13317 | Lair:2   | Reached skill level 10 in Stealth
 13426 | D:9      | Bought a scroll of remove curse for 42 gold pieces
 13990 | Lair:2   | Found a staircase to the Snake Pit.
 14340 | Lair:2   | Found a staircase to the Shoals.
 15003 | Lair:3   | Reached skill level 5 in Armour
 15031 | Lair:3   | Reached skill level 5 in Invocations
 15329 | Lair:3   | Reached XP level 13. HP: 87/87 MP: 16/16
 15415 | Lair:3   | Noticed a seven-headed hydra
 15571 | Lair:2   | Reached ****** piety under Dithmenos
 15868 | Lair:2   | Killed a seven-headed hydra
 16731 | D:9      | Bought an embroidered cloak for 195 gold pieces
 17844 | Lair:5   | Found a staircase to the Slime Pits.
 18879 | Lair:6   | Entered Level 6 of the Lair of Beasts
 18905 | Lair:6   | Found a gate leading to a gauntlet.
 18914 | Gauntlet | Entered a Gauntlet
 18914 | Gauntlet | Found a transporter.
 18914 | Gauntlet | Found a transporter.
 18916 | Gauntlet | Found a transporter.
 18916 | Gauntlet | Found a transporter.
 18920 | Gauntlet | Found a transporter.
 18938 | Gauntlet | Found a transporter.
 18942 | Gauntlet | Found a runed translucent door.
 18944 | Gauntlet | Found a runed translucent door.
 18946 | Gauntlet | Found a transporter.
 18950 | Gauntlet | Found a transporter.
 18957 | Gauntlet | Noticed a catoblepas
 18959 | Gauntlet | Found a transporter.
 18973 | Gauntlet | Found the +5 scythe "Finisher" {speed, eviscerate}
 18974 | Gauntlet | Found a transporter.
 18988 | Gauntlet | Found a transporter.
 18992 | Gauntlet | Found a transporter.
 18997 | Gauntlet | Noticed a catoblepas
 19342 | Gauntlet | Killed a catoblepas
 19343 | Gauntlet | Reached XP level 14. HP: 88/95 MP: 19/19
 19523 | Gauntlet | Noticed a minotaur
 19537 | Gauntlet | Killed a minotaur
 19725 | D:9      | Bought a scroll of enchant armour for 105 gold pieces
 19725 | D:9      | Bought a scroll of enchant armour for 105 gold pieces
 19735 | D:10     | Entered Level 10 of the Dungeon
 20110 | D:10     | Noticed Joseph
 20111 | D:10     | Killed Joseph
 20508 | D:10     | Reached skill level 1 in Evocations
 20720 | D:11     | Found Duxtoyn's Pet Rocks.
 20965 | D:11     | Found a frozen archway.
 21037 | IceCv    | Entered an ice cave
 21847 | IceCv    | Got a pair of smoking boots
 22029 | D:11     | Identified the +2 pair of boots "Ferphu" {rC+} (You found
                  | it in an ice cave)
 22757 | D:12     | Noticed Erolcha
 22805 | D:12     | Killed Erolcha
 22854 | D:12     | Found a sacrificial altar of Ru.
 23493 | D:12     | Found a staircase to the Orcish Mines.
 24050 | D:12     | Reached skill level 10 in Dodging
 24204 | Orc:1    | Entered Level 1 of the Orcish Mines
 24635 | Orc:1    | Found a roughly hewn altar of Beogh.
 24846 | Orc:1    | Reached XP level 15. HP: 103/103 MP: 21/21
 25088 | Orc:2    | Entered Level 2 of the Orcish Mines
 25096 | Orc:2    | Noticed an orc warlord
 25387 | Orc:1    | Killed an orc warlord
 26281 | Orc:2    | Found a roughly hewn altar of Beogh.
 26897 | Orc:2    | Found a staircase to the Elven Halls.
 26927 | Orc:2    | Found Saevil's Antique Armour Shop.
 26927 | Orc:2    | Found Biakhag's Antique Armour Shoppe.
 27079 | Orc:2    | Found Wiluelol's Antique Armour Shop.
 27079 | Orc:2    | Found Podafruh's Assorted Antiques.
 27536 | Orc:2    | Bought an inky potion for 27 gold pieces
 27782 | Orc:2    | Learned a level 2 spell: Blink
 28148 | D:5      | Bought an uncursed amulet of the acrobat for 360 gold
                  | pieces
 28335 | D:13     | Noticed Snorg
 28357 | D:13     | Killed Snorg
 28585 | D:13     | Reached skill level 1 in Translocations
 29555 | D:14     | Found an opulent altar of Gozag.
 29823 | D:14     | Noticed Zenexuts's ghost (journeyman DsFi)
 29823 | D:14     | Noticed a lich
 30030 | D:14     | Found a runed translucent door.
 30034 | D:14     | Found a runed translucent door.
 30049 | D:14     | Reached skill level 5 in Evocations
 30252 | D:14     | Reached XP level 16. HP: 109/109 MP: 23/23
 30585 | D:14     | Found a gate to the Vaults.
 30956 | D:15     | Entered Level 15 of the Dungeon
 31492 | D:15     | Found a staircase to the Depths.
 31525 | D:15     | Reached skill level 10 in Fighting
 32233 | Shoals:1 | Entered Level 1 of the Shoals
 32271 | Lair:2   | Reached skill level 10 in Invocations
 34030 | Shoals:1 | Found Isao's General Store.
 34033 | Shoals:1 | Bought an uncursed amulet of reflection for 480 gold pieces
 34118 | Shoals:1 | Reached skill level 5 in Translocations
 34916 | Shoals:2 | Noticed Ilsuiw
 35896 | Shoals:2 | Noticed Roxanne
 36633 | Shoals:2 | Reached XP level 17. HP: 44/115 MP: 23/25
 36849 | Shoals:2 | Killed Ilsuiw
 37343 | Shoals:3 | Noticed Louise
 37377 | Shoals:3 | Killed Louise
 38228 | Snake:1  | Entered Level 1 of the Snake Pit
 38243 | Snake:1  | Identified a scroll of acquirement
 38243 | Snake:1  | Acquired a +9 quick blade
 38901 | Snake:1  | Reached skill level 15 in Slings
 39010 | Snake:1  | Found Iraibume's Gadget Shoppe.
 39327 | Snake:1  | Got a warped chain mail
 39338 | Snake:1  | Identified the +8 chain mail of Henotheism {rElec rF+} (You
                  | found it on level 1 of the Snake Pit)
 39890 | Snake:2  | Got a pitted ring mail
 39904 | Snake:2  | Identified the +1 ring mail of Shielding {rF+ Will- Str+3
                  | Int+4} (You found it on level 2 of the Snake Pit)
 39941 | Snake:2  | Reached skill level 15 in Short Blades
 40060 | Snake:2  | Found Jouminett's Weapon Shoppe.
 40303 | Snake:2  | Found Gipseonk's Gadget Boutique.
 40304 | Snake:2  | Found Qatzor's Jewellery Emporium.
 40304 | Snake:2  | Found Qiloasula's Jewellery Emporium.
 40319 | Snake:2  | Bought the ring "Aqaposch" {rPois AC+4 Dex+3} for 856 gold
                  | pieces
 40727 | Snake:3  | Noticed Aizul
 40781 | Snake:3  | Killed Aizul
 41053 | Snake:3  | Identified the Grimoire of the Mutagenic Mountains
 41550 | Snake:3  | Reached XP level 18. HP: 120/122 MP: 26/26
 41880 | Snake:3  | Got a sapphire-encrusted leather armour
 41891 | Snake:3  | Identified the +3 leather armour of Sif Muna's Regard {rN+
                  | rCorr Stlth+} (You found it on level 3 of the Snake Pit)
 44069 | Lair:6   | Got a bound jade ring
 44071 | Lair:6   | Identified the ring of Waeg {Fire Will+ Str+3} (You found
                  | it on level 6 of the Lair of Beasts)
 45229 | Shoals:4 | Entered Level 4 of the Shoals
 46605 | Shoals:4 | Got a barnacled rune of Zot
 46776 | Shoals:4 | Reached XP level 19. HP: 126/128 MP: 27/27
 47536 | Shoals:3 | Noticed Polyphemus
 47588 | Shoals:3 | Killed Polyphemus
 48387 | Elf:1    | Entered Level 1 of the Elven Halls
 48622 | Elf:1    | Found a runed translucent gate.
 48622 | Elf:1    | Found a runed translucent gate.
 48622 | Elf:1    | Found a runed translucent gate.
 48627 | Elf:1    | Noticed Qaurghus's ghost (veteran TrFi)
 49165 | Elf:1    | Reached skill level 10 in Armour
 49194 | Elf:1    | Found a shimmering blue altar of Sif Muna.
 50497 | Elf:2    | Found Myotig's General Store.
 50533 | Elf:2    | Bought a scroll of enchant weapon for 142 gold pieces
 51051 | Elf:2    | Reached XP level 20. HP: 135/135 MP: 29/29
 51059 | Elf:2    | Identified the +1 leather armour "Xor Ilij" {*Slow rElec
                  | Regen+ Dex+5}
 51199 | Elf:2    | Found Zaqeps's Book Shop.
 51463 | Elf:2    | Found Joziek's Assorted Antiques.
 51687 | Elf:2    | Found a huge runed translucent gate.
 51687 | Elf:2    | Found a huge runed translucent gate.
 51692 | Elf:2    | Found a huge runed translucent gate.
 51693 | Elf:2    | Found a huge runed translucent gate.
 51812 | Elf:2    | Found a huge runed translucent gate.
 52826 | Snake:4  | Entered Level 4 of the Snake Pit
 55605 | Vaults:1 | Entered Level 1 of the Vaults
 55833 | Vaults:1 | Found Caffeub's Gadget Boutique.
 55873 | Vaults:1 | Acquired 954 gold pieces
 56273 | Vaults:1 | Got a warped ring mail
 56341 | Vaults:1 | Reached XP level 21. HP: 107/142 MP: 30/30
 56794 | D:7      | Identified the +4 ring mail of Absolutism {*Contam Int+9}
                  | (You found it on level 1 of the Vaults)
 57368 | Vaults:1 | Reached skill level 10 in Evocations
 58898 | Vaults:2 | Noticed Sojobo
 59780 | Vaults:2 | Paralysed by an ogre mage for 3 turns
 60638 | Vaults:2 | Reached XP level 22. HP: 149/149 MP: 32/32
 62176 | Elf:2    | Bought 2 potions of might for 152 gold pieces
 62176 | Elf:2    | Bought a potion of might for 76 gold pieces
 62176 | Elf:2    | Bought a potion of might for 76 gold pieces
 62211 | Elf:3    | Entered Level 3 of the Elven Halls
 62494 | Elf:3    | Got a pair of masterwork gloves
 62505 | Elf:3    | Identified the +0 pair of gloves of Supple Strength {rF+
                  | rC++ Int+4} (You found it on level 3 of the Elven Halls)
 62554 | Elf:3    | Found Husuxiu's Book Emporium.
 62866 | Elf:3    | Cast into level 2 of the Abyss (a deep elf sorcerer)
 62940 | Elf:3    | Escaped the Abyss
 63846 | Elf:3    | Reached skill level 15 in Dodging
 64070 | Elf:3    | Identified the cursed +0 executioner's axe of Kuphuz {pain,
                  | rC+++ Will+++ Int-5}
 64074 | Elf:3    | Identified the +12 whip of Filuucsyruo {freeze, rC++}
 64137 | Elf:3    | Cast into level 2 of the Abyss (a deep elf sorcerer)
 65108 | Abyss:2  | Noticed a bone dragon
 65512 | Elf:3    | Escaped the Abyss
 66004 | Elf:3    | Identified the +3 whip "Qytuluuq" {drain, rPois Int+4 SInv}
 66072 | Elf:3    | Identified the +4 scale mail of Idealism {*Corrode *Drain
                  | rElec Int+7 Dex+2}
 66132 | Elf:3    | Cast into level 2 of the Abyss (a deep elf demonologist)
 66409 | Elf:3    | Escaped the Abyss
 66506 | Elf:3    | Identified the Handbook of Cold
 66579 | Elf:3    | Identified Zyliuju's Reference Book on Hurtful
                  | Weightlessness
 66704 | Elf:3    | Identified the Handbook of Congealing Calling
 66725 | Elf:3    | Identified the +1 scale mail of Eternity {*Slow rElec
                  | Slay+2 SInv}
 67024 | Orc:2    | Bought the +2 hood of the Assassin {Detection Stab+
                  | Stlth++} for 1920 gold pieces
 67024 | Orc:2    | Found the +2 hood of the Assassin {Detection Stab+ Stlth++}
 67369 | Vaults:2 | Killed Sojobo
 67370 | Vaults:2 | Reached XP level 23. HP: 141/155 MP: 33/33
 67674 | Vaults:2 | Found a staircase to the Crypt.
 67786 | Vaults:3 | Found a transporter.
 67787 | Vaults:3 | Found a shimmering blue altar of Sif Muna.
 68014 | Vaults:3 | Noticed Saint Roka
 68123 | Vaults:3 | Killed Saint Roka
 68618 | Vaults:3 | Noticed Mennas
 68621 | Vaults:3 | Killed Mennas
 69698 | Vaults:3 | Paralysed by a wizard for 6 turns
 69700 | Vaults:3 | Reached skill level 15 in Stealth
 69892 | Vaults:3 | Found a transporter.
 69894 | Vaults:3 | Got an encrusted rapier
 69895 | Vaults:3 | Identified the +8 rapier of Moatix {venom, rC+} (You found
                  | it on level 3 of the Vaults)
 70544 | Vaults:4 | Reached XP level 24. HP: 56/163 MP: 33/33
 71194 | Vaults:4 | Found Orola's Book Shoppe.
 71939 | D:14     | Paralysed by a lich for 7 turns
 72035 | D:15     | Killed Zenexuts's ghost
 72712 | Elf:1    | Gained mutation: You tend to lose your temper in combat.
                  | [mutagenic glow]
 72731 | Elf:1    | Gained mutation: You have sharp toenails. [mutagenic glow]
 72745 | Elf:1    | Gained mutation: Armour fits poorly on your strangely
                  | shaped body. [mutagenic glow]
 72759 | Elf:1    | Gained mutation: You occasionally shout uncontrollably at
                  | your foes. [mutagenic glow]
 72908 | Orc:2    | Killed Qaurghus's ghost
 73205 | Elf:3    | Lost mutation: You have sharp toenails. [potion of
                  | mutation]
 73205 | Elf:3    | Lost mutation: You tend to lose your temper in combat.
                  | [potion of mutation]
 73205 | Elf:3    | Lost mutation: Armour fits poorly on your strangely shaped
                  | body. [potion of mutation]
 73205 | Elf:3    | Gained mutation: Your body sometimes deteriorates upon
                  | taking damage. [potion of mutation]
 73206 | Elf:3    | Lost mutation: Your body sometimes deteriorates upon taking
                  | damage. [potion of mutation]
 73206 | Elf:3    | Lost mutation: You occasionally shout uncontrollably at
                  | your foes. [potion of mutation]
 73206 | Elf:3    | Gained mutation: You are dopey. (Int -2) [potion of
                  | mutation]
 73206 | Elf:3    | Gained mutation: Scrolls take you a little longer to read.
                  | [potion of mutation]
 73207 | Elf:3    | Lost mutation: Scrolls take you a little longer to read.
                  | [potion of mutation]
 73207 | Elf:3    | Lost mutation: You are dopey. (Int -2) [potion of mutation]
 73207 | Elf:3    | Gained mutation: Your natural rate of healing is unusually
                  | fast. [potion of mutation]
 73326 | Elf:1    | Got a warped cloak
 73337 | Elf:1    | Identified the cursed -3 cloak of the King of the Hill
                  | {rC+} (You found it on level 1 of the Elven Halls)
 75461 | Snake:4  | Got a serpentine rune of Zot
 75814 | Depths:1 | Entered Level 1 of the Depths
 76149 | Depths:1 | Learned a level 2 spell: Call Imp
 76208 | Depths:1 | Found a gateway to Hell.
 76547 | Depths:1 | Reached skill level 1 in Summonings
 76818 | Depths:1 | Found Violyid's One-of-a-Kind Books.
 76939 | Depths:1 | Reached XP level 25. HP: 169/169 MP: 34/34
 77346 | Depths:1 | Identified the ring of Fun {rF+ MP+9 SInv Stlth-}
 77471 | Depths:1 | Learned a level 3 spell: Portal Projectile
 77783 | Depths:2 | Noticed Bai Suzhen
 78021 | Depths:2 | Found a one-way gate leading to the halls of Pandemonium.
 78157 | Depths:2 | Found a gateway to a ziggurat.
 78425 | Depths:2 | Identified the +7 halberd "Keut" {drain, +Rage Dex+3 SInv}
 78558 | Depths:2 | Reached skill level 1 in Spellcasting
 78828 | Depths:2 | Found a one-way gate to the infinite horrors of the Abyss.
 79439 | Depths:3 | Reached skill level 15 in Invocations
 79897 | Elf:2    | Bought a scroll of enchant armour for 142 gold pieces
 80694 | Depths:3 | Learned a level 3 spell: Call Canine Familiar
 80870 | Depths:3 | Noticed an ancient lich
 80927 | Depths:3 | Killed an ancient lich
 81136 | Depths:3 | Reached skill level 5 in Summonings
 81449 | Depths:3 | Reached XP level 26. HP: 175/175 MP: 34/34
 83034 | Elf:2    | Bought a manual of Fighting for 1987 gold pieces
 83606 | Depths:4 | Paralysed by a sphinx for 2 turns
 84662 | Depths:5 | Entered Level 5 of the Depths
 85130 | Depths:4 | Paralysed by a sphinx for 5 turns
 85477 | Depths:5 | Noticed a juggernaut
 85908 | Depths:4 | Killed a juggernaut
 86360 | Depths:5 | Got a dazzling fustibalus
 86361 | Depths:5 | Identified the +3 fustibalus "Tugaufag" {freeze, rElec rC+}
                  | (You found it on level 5 of the Depths)
 86439 | Depths:5 | Noticed a juggernaut
 86494 | Depths:5 | Killed a juggernaut
 87451 | Depths:5 | Identified the cursed ring of Baute {+Inv AC-4 Str+4}
 87483 | Depths:5 | Reached XP level 27. HP: 176/185 MP: 34/34
 87494 | Depths:5 | Reached skill level 15 in Armour
 87688 | Depths:5 | Found a gate to the Realm of Zot.
 88182 | Depths:5 | Got a warped hunting sling
 88183 | Depths:5 | Identified the cursed +0 hunting sling of Wrath {venom,
                  | +Fly Dex+7} (You found it on level 5 of the Depths)
 89251 | Depths:3 | Voluntarily entered the Abyss.
 89290 | Abyss:1  | Reached skill level 15 in Fighting
 89340 | Abyss:1  | Found a transporter.
 89453 | Abyss:1  | Found a transporter.
 90059 | Abyss:2  | Found a corrupted altar of Lugonu.
 90208 | Abyss:2  | Got a jewelled dagger
 90209 | Abyss:2  | Identified the +3 dagger "Vugox" {distort, +Blink rN+} (You
                  | found it on level 2 of the Abyss)
 90733 | Abyss:2  | Reached skill level 10 in Summonings
 90927 | Abyss:2  | Found a shimmering blue altar of Sif Muna.
 91082 | Abyss:2  | Paralysed by an apocalypse crab for 7 turns
 91205 | Depths:3 | Escaped the Abyss
 91219 | Depths:3 | Voluntarily entered the Abyss.
 91298 | Abyss:1  | Paralysed by a lich for 6 turns
 91799 | Depths:3 | Escaped the Abyss
 91805 | Depths:3 | Voluntarily entered the Abyss.
 93080 | Abyss:3  | Found a corrupted altar of Lugonu.
 93175 | Abyss:3  | Found a corrupted altar of Lugonu.
 93377 | Abyss:3  | Paralysed by accursed screaming for 1 turns
 93706 | Abyss:4  | Found a corrupted altar of Lugonu.
 93837 | Abyss:4  | Found a corrupted altar of Lugonu.
 94208 | Depths:3 | Escaped the Abyss
 94742 | Vaults:5 | Entered Level 5 of the Vaults
 94961 | Vaults:5 | Identified the ring of Tujasi {AC+4 Int+2}
 95038 | Vaults:5 | Killed from afar by a lich

Illustrated notes

Levels and vault maps discovered:
D:1:      dpeg_arrival_solitude, layout_loops_ring,
          chequers_serial_rivers_micro_b, grunt_decor_cap
D:2:      layout_rooms, nicolae_dithmenos_shadow_blocks, palyth_stone_intersect
D:3:      layout_loops_ring, nicolae_qazlal_general_emergency,
          chequers_temple_overflow_statue_of_worship, uniq_terence
D:4:      minmay_octagon_keep, layout_basic, st_stairs_11,
          minmay_misc_feat_roman, uniq_menkaure
D:5:      layout_rooms, minmay_temple_entry_enclosed_plants, serial_shops, shop,
          shop_fountains, shop, shop, portal_sewer_entry_f,
          corexii_leaking_fountain, doesnt_xom_only_xom
D:6:      layout_basic, nemelex_xobeh_ov_fountains_minmay, basic_altar,
          uniq_edmund, uniq_pikel
D:7:      gammafunk_corrupted_shrine, layout_basic, tgw_sif
D:8:      layout_gridville, basic_altar
D:9:      layout_basic, erik_lair_island, serial_shops,
          nicolae_shop_statue_plus, shop, kennysheep_mini, shop
D:10:     layout_irregular_city, uniq_joseph
D:11:     layout_stronghold, portal_ice_cave_entry_imps, guppyfry_shop_earth
D:12:     layout_rooms, orc_0_dummy, basic_altar, hex_medium, uniq_erolcha
D:13:     layout_cave_pools, kennysheep_potato, uniq_snorg
D:14:     layout_irregular_city, skrybe_vaults_entry_preservation,
          muffindrake_ghost_dual_entry, nicolae_two_hexagons,
          grunt_gozag_breadcrumbs
D:15:     grunt_enter_depths_magical_seal, layout_cave_pods,
          chequers_serial_rivers_micro_c, hangedman_abyss_or_decor_slice,
          drop_trap
Lair:1:   layout_hall_layers, beast_lair_carwin_11
Lair:2:   layout_loops_ring, elwin_shoals_entry_stream, dummy_snake_entry,
          beast_lair_carwin_6
Lair:3:   layout_misc_corridors
Lair:4:   layout_hall_layers, guppyfry_lair_drakes, grunt_megastairs_1
Lair:5:   layout_roguey, minmay_slime_entry_jelly_boxes,
          minmay_lair_oklob_bushes, serial_bayou_shore_a
Lair:6:   evilmike_catoblepas_cave, layout_cave_pods, special_room
          [special_room_mythical_zoo], gauntlet_entry_generic
Shoals:1: layout_shoals, serial_shops, nicolae_shop_behind_doors,
          nicolae_shoals_loop_pool
Shoals:2: layout_shoals, uniq_ilsuiw, uniq_roxanne
Shoals:3: layout_shoals, uniq_louise, uniq_polyphemus
Shoals:4: shoals_end_simple, layout_shoals, shoals_ilsuiw_alternative
Snake:1:  layout_misc_corridors, serial_shops, shop
Snake:2:  layout_misc_corridors, serial_shops, nicolae_shop_behind_doors,
          grunt_megastairs_4, minmay_shop_grove, serial_bayou_shore_b
Snake:3:  layout_cave_town, serial_bayou_shore_b, uniq_aizul
Snake:4:  grunt_snake_rune_serpentine_throne, layout_basic
Orc:1:    layout_diamond_mine, nicolae_orc_lost_temple
Orc:2:    st_orc_town, layout_caves
Elf:1:    kennysheep_room_grid, layout_onion_city, gammafunk_ghost_tricky_traps,
          serial_sigils, serial_sigils_hangedman_shear,
          serial_sigils_hangedman_gnaw, serial_sigils_hangedman_stare,
          serial_sigils_hangedman_scar, basic_altar,
          kennysheep_underground_church
Elf:2:    layout_loops_cross, serial_shops,
          nicolae_shop_temple_entry_statues_fountains, shop, shop_statue,
          evilmike_ambush [evilmike_ambush_outer_basic,
          evilmike_ambush_inner_pond]
Elf:3:    minmay_elf_hall_not_hex, layout_loops_corners, serial_shops,
          nicolae_shop_waterfront, minivault_19
Vaults:1: grunt_vaults_diagonal, nicolae_vaults_stairing_the_circle,
          vaults_room_fours, vaults_dpeg_ring, ontoclasm_vaults_gateway,
          vaults_dpeg_encased_lava, vaults_room_grunt_arrival_ludios,
          nicolae_vaults_little_ls, nicolae_vaults_asterisk,
          ontoclasm_vaults_loading_screen, layout_vaults_omnigrid, serial_shops,
          nicolae_shop_temple_entry_statues_fountains
Vaults:2: vaults_room_boxed, grunt_vaults_hallway_long,
          vaults_room_guarded_vault, v_alt_pattern_6,
          ontoclasm_vaults_ring_small, v_misc_18, v_misc_29,
          minmay_crypt_entry_simple_box, hangedman_vaults_locks,
          ontoclasm_vaults_ligature, v_misc_14, v_pattern_1, v_misc_13,
          vaults_room_pool, vaults_room_grid, vaults_room_fancy_cross,
          vaults_room_pool, nicolae_vaults_rhombus_5, layout_vaults_big_cross,
          uniq_sojobo
Vaults:3: vaults_dpeg_spiral, hangedman_vaults_cutoff,
          vaults_room_stairs_pillars, hangedman_vaults_nodes, v_misc_4,
          gammafunk_sealed_library, vaults_mumra_chevron, vaults_room_pool,
          v_alt_pattern_2, v_misc_25, vaults_mumra_minichess, v_misc_25,
          v_misc_13, v_misc_18, vaults_dpeg_hooks, ontoclasm_vaults_ring_large,
          nicolae_vaults_little_squares_3, layout_vaults_maze, uniq_mennas,
          uniq_saint_roka
Vaults:4: v_misc_17, nicolae_vaults_windows_and_doors_thing,
          nicolae_vaults_big_angled_halls, v_misc_32,
          ontoclasm_vaults_decontamination, v_misc_33,
          hangedman_vaults_stretched_pinwheel, v_misc_13,
          nicolae_vaults_statue_guard, ontoclasm_vaults_loading_screen,
          vaults_room_pools, layout_vaults_ring, serial_shops, shop
Vaults:5
Depths:1: layout_roguey, hell_entry, kennysheep_cross_bottleneck, drop_trap,
          nicolae_rare_books, chequers_serial_rivers_small_b,
          kennysheep_pointless_box, evilmike_minifort
Depths:2: minmay_the_grid_octo_triangle [minmay_the_grid_octo_fan_narrow,
          minmay_the_grid_octo_prize_big_c, minmay_the_grid_octo_horde],
          layout_cave_shapes, enter_ziggurat_f, infiniplex_staircase_pool_2,
          pan_entry, abyss_entry_crystal, hellmouth_1, lightli_fourway_metalbox,
          uniq_bai_suzhen
Depths:3: hangedman_crystal_crosses_colossus [crystal_crosses_arms_four,
          crystal_crosses_arms_two, crystal_crosses_arms_two,
          crystal_crosses_arms_one], abyss_entry, hell_entry, pan_entry
Depths:4: hangedman_arch_fort, layout_basic, hell_entry, serial_bayou,
          serial_bayou_crossing, serial_bayou_pond_c, serial_bayou_pond_c,
          serial_bayou_shore_b, marbit_kobold_abyss_entry,
          kennysheep_another_room
Depths:5: lemuel_castle_with_subvaults [lemuel_castle_interior_carwin_1],
          layout_cross, pf_vacation_house_of_asmodeus,
          chequers_serial_rivers_micro_c, grunt_pan_entry_sceptre

Skill      XL: |  1  2  3  4  5  6  7  8  9 10 11 12 13 14 15 16 17 18 19 20 21 22 23 24 25 26 27 |
---------------+----------------------------------------------------------------------------------+-----
Slings         | 6 7 8 9 10 12 13 14 15 16 17 18 19 20 21 22 | 22.7
Short Blades   | 1 2 3 4 5 7 9 11 12 14 15 16 17 18 19 20 21 22 | 22.6
Fighting       | 2 3 5 6 7 8 9 10 11 12 13 14 16 | 16.4
Dodging        | 3 4 6 8 10 11 12 13 14 15 16 17 | 17.6
Stealth        | 2 3 4 6 8 9 11 12 13 14 15 16 17 18 | 18.5
Shields        | 2 5 6 7 8 9 |  9.7
Armour         | 2 5 7 8 9 10 11 12 13 14 16 | 16.2
Invocations    | 2 5 7 8 9 10 11 12 13 14 15 | 15.0
Evocations     | 3 5 6 7 8 9 10 11 12 13 | 13.9
Translocations | 3 5 6 |  6.0
Summonings     | 1 5 8 10 | 10.2
Spellcasting   | 2 4 |  4.1

Action                   |  1- 3 |  4- 6 |  7- 9 | 10-12 | 13-15 | 16-18 | 19-21 | 22-24 | 25-27 || total
-------------------------+-------+-------+-------+-------+-------+-------+-------+-------+-------++-------
Melee: Short sword       |   112 |   146 |   254 |   646 |  1297 |       |       |       |       ||  2455
       Rapier            |       |     8 |       |       |  1555 |   869 |    24 |  1290 |  3354 ||  7100
       Hunting sling     |       |       |     1 |       |       |       |       |       |       ||     1
       Quick blade       |       |       |       |       |       |  1662 |  2852 |  1708 |       ||  6222
 Fire: Hunting sling     |    13 |    49 |   161 |   301 |   154 |       |       |       |       ||   678
       Fustibalus        |       |       |       |       |   426 |   337 |   407 |   330 |   193 ||  1693
 Cast: Blink             |       |       |       |       |       |       |     2 |     1 |    15 ||    18
       Call Imp          |       |       |       |       |       |       |       |     2 |    44 ||    46
Invok: Shadow Step       |       |       |       |       |       |     2 |       |    10 |    12 ||    24
       Shadow Form       |       |       |       |       |       |       |     2 |     1 |     3 ||     6
 Abil: Stop Flying       |       |       |       |     1 |       |       |       |       |       ||     1
       Evoke Flight      |       |       |       |     1 |       |       |       |       |       ||     1
       End Transformatio |       |       |       |       |       |       |       |       |     1 ||     1
Evoke: Wand              |       |       |       |     5 |     9 |     2 |     5 |    10 |     3 ||    34
       Condenser vane    |       |       |       |       |     1 |     1 |     2 |     4 |     2 ||    10
       Lightning rod     |       |       |       |       |       |     5 |     2 |     3 |     1 ||    11
       Box of beasts     |       |       |       |       |       |       |     1 |     1 |       ||     2
       Phantom mirror    |       |       |       |       |       |       |       |     1 |     1 ||     2
  Use: Scroll            |       |       |    19 |     9 |    17 |    13 |     7 |    11 |    21 ||    97
       Potion            |       |       |     2 |     3 |     7 |     3 |     8 |     9 |    14 ||    46
 Stab: Sleeping          |     2 |     9 |     3 |    14 |    49 |    64 |    66 |    52 |    64 ||   323
       Distracted        |       |       |       |     1 |     3 |    25 |     8 |    29 |    33 ||    99
       Invisible         |       |       |       |       |     2 |       |       |       |       ||     2
       Confused          |       |       |       |       |       |       |       |       |     3 ||     3
Armor: Leather armour    |    12 |    12 |    19 |       |       |    42 |       |       |       ||    85
       Troll leather arm |       |       |     4 |    57 |   201 |    78 |    96 |   167 |    11 ||   614
       Chain mail        |       |       |       |       |       |     1 |    63 |    20 |       ||    84
       Fire dragon scale |       |       |       |       |       |       |       |       |   474 ||   474
Dodge: Dodged            |   101 |   133 |   280 |   329 |  1487 |  1054 |   795 |  1076 |  1700 ||  6955
Block: Buckler           |       |       |       |   115 |   743 |   964 |   972 |  1375 |  1883 ||  6052
       Reflection        |       |       |       |       |       |    43 |    96 |   116 |    42 ||   297

Table legend: (Time is in decaauts)
 A = Elapsed time spent in this place.
 B = Non-inter-level travel time spent in this place.
 C = Inter-level travel time spent in this place.
 D = Time resting spent in this place.
 E = Time spent auto-exploring this place.
 F = Levels seen in this place.
 G = Mean time per level.
                   A        B        C        D        E       F      G
               +--------+--------+--------+--------+--------+-----+--------+
         Total |  85606 |  76208 |   9398 |  24630 |  24530 |  57 | 1501.9 |
       Dungeon |  21558 |  17601 |   3957 |   5209 |   7516 |  15 | 1437.2 |
          Lair |   9472 |   8151 |   1321 |   2193 |   3654 |   6 | 1578.7 |
        Shoals |   7913 |   7504 |    409 |   3423 |   1457 |   4 | 1978.2 |
     Snake Pit |   7883 |   7366 |    517 |   2401 |   2281 |   4 | 1970.8 |
  Orcish Mines |   4431 |   3474 |    957 |    900 |   1359 |   2 | 2215.5 |
   Elven Halls |   7034 |   6235 |    799 |   1815 |   1938 |   3 | 2344.7 |
        Vaults |   8437 |   7988 |    449 |   2161 |   3023 |   5 | 1687.4 |
        Depths |  11092 |  10104 |    988 |   4021 |   2581 |   5 | 2218.4 |
         Abyss |   5506 |   5506 |      0 |   1252 |    519 |  10 |  550.6 |
         Sewer |    889 |    889 |      0 |    571 |    131 |   1 |  889.0 |
      Ice Cave |    769 |    769 |      0 |    400 |      0 |   1 |  769.0 |
      Gauntlet |    618 |    618 |      0 |    280 |     68 |   1 |  618.0 |
               +--------+--------+--------+--------+--------+-----+--------+

Top non-repeatable levels by time:
 Abyss:2: 2985 daAuts
Shoals:1: 2805 daAuts
  Lair:2: 2767 daAuts
Depths:4: 2735 daAuts
 Snake:3: 2720 daAuts
   Orc:2: 2664 daAuts
 Snake:4: 2645 daAuts
   Elf:3: 2624 daAuts
Vaults:2: 2458 daAuts
Depths:3: 2453 daAuts
Depths:5: 2437 daAuts
   Elf:1: 2435 daAuts
     D:9: 2238 daAuts
Vaults:1: 2201 daAuts
Vaults:3: 2136 daAuts
